| TOP OF THE 1ST |
|
Baltimore Orioles batting - Pitching for Toronto Blue Jays : LHP Thomas Linnert
|
|
Pitching: LHP Thomas Linnert
|
|
|
Batting: SHB Willie McGee
|
0-0: Called Strike 0-1: Foul Ball, location: 2F 0-2: Strikes out swinging
|
|
Batting: SHB Johnny Ray
|
0-0: Ball 1-0: Foul Ball, location: 2F 1-1: Swinging Strike 1-2: Ball 2-2: Strikes out swinging
|
|
Batting: SHB Steve R Ontiveros
|
0-0: Called Strike 0-1: Fly out, F7 (Flyball, 7LD, EV 98.8 MPH)
|
| Top of the 1st over - 0 runs, 0 hits, 0 errors, 0 left on base; Baltimore 0 - Toronto 0 |
| BOTTOM OF THE 1ST |
|
Toronto Blue Jays batting - Pitching for Baltimore Orioles : RHP John Montague
|
|
Pitching: RHP John Montague
|
|
|
Batting: SHB Harold Reynolds
|
0-0: Swinging Strike 0-1: Ball 1-1: Foul Ball, location: 2F 1-2: Fly out, F8 (Line Drive, 8LM, EV 84.4 MPH)
|
|
Batting: RHB Jose Gonzalez
|
0-0: Ground out 4-3 (Groundball, 4, EV 99.4 MPH)
|
|
Batting: LHB Sheldon Mallory
|
0-0: Ball 1-0: Ball 2-0: Ball 3-0: Base on Balls
|
|
Batting: RHB Juan Monasterio
|
0-0: SINGLE (Flyball, 56D, EV 90.6 MPH) Sheldon Mallory to second Runner from 2nd tries for 3rd, SAFE, throw by LF made to third
|
|
Batting: LHB Milt Thompson
|
0-0: Ball 1-0: Swinging Strike 1-1: Fly out, F7 (Flyball, 7S, EV 80.6 MPH)
|
| Bottom of the 1st over - 0 runs, 1 hit, 0 errors, 2 left on base; Baltimore 0 - Toronto 0 |
| TOP OF THE 2ND |
|
Baltimore Orioles batting - Pitching for Toronto Blue Jays : LHP Thomas Linnert
|
|
Batting: RHB Dwight Evans
|
0-0: Ball 1-0: Ball 2-0: Ball 3-0: Base on Balls
|
|
Batting: RHB Ron Cey
|
0-0: Called Strike 0-1: Called Strike 0-2: Foul Ball, location: 2F 0-2: Ball 1-2: Strikes out swinging
|
|
Batting: RHB Matt Rice
|
0-0: Ball 1-0: Swinging Strike 1-1: Grounds into double play, 6-4-3 (Groundball, 6, EV 100.0 MPH)
|
| Top of the 2nd over - 0 runs, 0 hits, 0 errors, 0 left on base; Baltimore 0 - Toronto 0 |
| BOTTOM OF THE 2ND |
|
Toronto Blue Jays batting - Pitching for Baltimore Orioles : RHP John Montague
|
|
Batting: RHB Hubie Brooks
|
0-0: Fly out, F9 (Flyball, 9LM, EV 87.5 MPH)
|
|
Batting: RHB Cal Ripken
|
0-0: Ball 1-0: Ball 2-0: Ball 3-0: Base on Balls
|
|
Batting: RHB Fritzie Connally
|
0-0: Ball 1-0: Ball 2-0: Ball 3-0: Base on Balls Cal Ripken to second
|
|
Batting: LHB Brad Gulden
|
0-0: Foul Ball, location: 2F 0-1: Called Strike 0-2: Ball 1-2: Ball 2-2: Foul Ball, location: 2F 2-2: Ball 3-2: Fielders Choice at 2nd, 6-4 (Groundball, 6, EV 103.8 MPH) Cal Ripken to third
|
|
Batting: SHB Harold Reynolds
|
0-0: SINGLE (Groundball, 3S, EV 60.6 MPH) (infield hit) Cal Ripken scores Brad Gulden to second
|
|
Batting: RHB Jose Gonzalez
|
0-0: Ball 1-0: Ball 2-0: Ball 3-0: Fly out, F7 (Flyball, 7LS, EV 94.4 MPH)
|
| Bottom of the 2nd over - 1 run, 1 hit, 0 errors, 2 left on base; Baltimore 0 - Toronto 1 |
| TOP OF THE 3RD |
|
Baltimore Orioles batting - Pitching for Toronto Blue Jays : LHP Thomas Linnert
|
|
Batting: RHB Mark Brouhard
|
0-0: Called Strike 0-1: Ground out 4-3 (Groundball, 34, EV 106.9 MPH)
|
|
Batting: RHB Garth Iorg
|
0-0: Ground out 6-3 (Groundball, 6MD, EV 107.5 MPH)
|
|
Batting: RHB Dennis Werth
|
0-0: Ball 1-0: Called Strike 1-1: Ground out 6-3 (Groundball, 56, EV 101.9 MPH)
|
| Top of the 3rd over - 0 runs, 0 hits, 0 errors, 0 left on base; Baltimore 0 - Toronto 1 |
| BOTTOM OF THE 3RD |
|
Toronto Blue Jays batting - Pitching for Baltimore Orioles : RHP John Montague
|
|
Batting: LHB Sheldon Mallory
|
0-0: Swinging Strike 0-1: Ball 1-1: Ball 2-1: Called Strike 2-2: Ball 3-2: Fly out, F9 (Flyball, 9S, EV 81.9 MPH)
|
|
Batting: RHB Juan Monasterio
|
0-0: SINGLE (Flyball, 8RS, EV 87.5 MPH)
|
|
Batting: LHB Milt Thompson
|
0-0: Called Strike 0-1: Called Strike 0-2: Ball 1-2: Ball 2-2: Ball 3-2: Foul Ball, location: 2F 3-2: SINGLE (Groundball, 34D, EV 103.1 MPH) (infield hit) Juan Monasterio to second
|
|
Batting: RHB Hubie Brooks
|
0-0: Ball 1-0: Called Strike 1-1: Ball 2-1: Called Strike 2-2: Ball 3-2: Grounds into double play, 6-4-3 (Groundball, 6S, EV 82.5 MPH)
|
| Bottom of the 3rd over - 0 runs, 2 hits, 0 errors, 1 left on base; Baltimore 0 - Toronto 1 |
| TOP OF THE 4TH |
|
Baltimore Orioles batting - Pitching for Toronto Blue Jays : LHP Thomas Linnert
|
|
Batting: SHB Willie McGee
|
0-0: Ball 1-0: Fly out, F8 (Flyball, 89M, EV 76.9 MPH)
|
|
Batting: SHB Johnny Ray
|
0-0: Ball 1-0: Called Strike 1-1: Ball 2-1: Foul Ball, location: 2F 2-2: Strikes out looking
|
|
Batting: SHB Steve R Ontiveros
|
0-0: Called Strike 0-1: Ball 1-1: Fly out, F8 (Flyball, 8LD, EV 96.9 MPH)
|
| Top of the 4th over - 0 runs, 0 hits, 0 errors, 0 left on base; Baltimore 0 - Toronto 1 |
| BOTTOM OF THE 4TH |
|
Toronto Blue Jays batting - Pitching for Baltimore Orioles : RHP John Montague
|
|
Batting: RHB Cal Ripken
|
0-0: Ball 1-0: SINGLE (Groundball, 34D, EV 94.4 MPH)
|
|
Batting: RHB Fritzie Connally
|
0-0: Ball 1-0: Ball 2-0: Called Strike 2-1: Swinging Strike 2-2: Ball 3-2: Ground out 4-3 (Groundball, 34D, EV 107.5 MPH) Cal Ripken to second
|
|
Batting: LHB Brad Gulden
|
0-0: Ball 1-0: Ball 2-0: Ball 3-0: Base on Balls
|
|
Batting: SHB Harold Reynolds
|
0-0: Ball 1-0: Swinging Strike 1-1: Ball 2-1: Ball 3-1: Called Strike 3-2: Base on Balls Cal Ripken to third Brad Gulden to second
|
|
Batting: RHB Jose Gonzalez
|
0-0: DOUBLE (Line Drive, 9LD, EV 105.6 MPH) Cal Ripken scores Brad Gulden scores Harold Reynolds to third Runner from 3rd tries for Home, SAFE, throw by RF to trailing runner, SAFE at third!
|
|
Batting: LHB Sheldon Mallory
|
0-0: Called Strike 0-1: Ball Wild Pitch! Jose Gonzalez scores 1-1: Called Strike 1-2: Ball 2-2: Ball 3-2: Strikes out swinging
|
|
Batting: RHB Juan Monasterio
|
0-0: Called Strike 0-1: Ball 1-1: Ball 2-1: Foul Ball, location: 2F 2-2: SOLO HOME RUN (Flyball, 7LD, EV 97.5 MPH), Distance : 350 ft
|
|
Pitching: RHP Jim M Hughes
|
|
|
Batting: LHB Milt Thompson
|
0-0: Ball 1-0: Swinging Strike 1-1: Ground out 3-1 (Groundball, 34, EV 81.3 MPH)
|
| Bottom of the 4th over - 5 runs, 3 hits, 0 errors, 0 left on base; Baltimore 0 - Toronto 6 |
| TOP OF THE 5TH |
|
Baltimore Orioles batting - Pitching for Toronto Blue Jays : LHP Thomas Linnert
|
|
Batting: RHB Dwight Evans
|
0-0: Ball 1-0: Foul Ball, location: 2F 1-1: Fly out, F7 (Flyball, 7LS, EV 91.3 MPH)
|
|
Batting: RHB Ron Cey
|
0-0: Swinging Strike 0-1: Ball 1-1: Ball 2-1: Foul Ball, location: 2F 2-2: Fly out, F7 (Flyball, 78D, EV 87.5 MPH)
|
|
Batting: RHB Matt Rice
|
0-0: Called Strike 0-1: Ball 1-1: Ground out 5-3 (Groundball, 56S, EV 88.1 MPH)
|
| Top of the 5th over - 0 runs, 0 hits, 0 errors, 0 left on base; Baltimore 0 - Toronto 6 |
| BOTTOM OF THE 5TH |
|
Toronto Blue Jays batting - Pitching for Baltimore Orioles : RHP Jim M Hughes
|
|
Batting: RHB Hubie Brooks
|
0-0: Called Strike 0-1: Foul Ball, location: 2F 0-2: Ball 1-2: Fly out, F8 (Flyball, 8RS, EV 85.6 MPH)
|
|
Batting: RHB Cal Ripken
|
0-0: SINGLE (Line Drive, 34, EV 95.6 MPH)
|
|
Batting: RHB Fritzie Connally
|
0-0: Called Strike 0-1: Swinging Strike 0-2: Ball 1-2: Grounds into double play, 6-4-3 (Groundball, 6, EV 95.0 MPH)
|
| Bottom of the 5th over - 0 runs, 1 hit, 0 errors, 0 left on base; Baltimore 0 - Toronto 6 |
| TOP OF THE 6TH |
|
Baltimore Orioles batting - Pitching for Toronto Blue Jays : LHP Thomas Linnert
|
|
Batting: RHB Mark Brouhard
|
0-0: Ball 1-0: Called Strike 1-1: Called Strike 1-2: Fly out, F8 (Flyball, 8RM, EV 80.6 MPH)
|
|
Batting: RHB Garth Iorg
|
0-0: Ball 1-0: Ground out 4-3 (Groundball, 4, EV 85.0 MPH)
|
|
Batting: RHB Dennis Werth
|
0-0: Fly out, F8 (Flyball, 8LM, EV 75.0 MPH)
|
| Top of the 6th over - 0 runs, 0 hits, 0 errors, 0 left on base; Baltimore 0 - Toronto 6 |
| BOTTOM OF THE 6TH |
|
Toronto Blue Jays batting - Pitching for Baltimore Orioles : RHP Jim M Hughes
|
|
Batting: LHB Brad Gulden
|
0-0: Ball 1-0: Foul Ball, location: 2F 1-1: Ball 2-1: Ball 3-1: Base on Balls
|
|
Batting: SHB Harold Reynolds
|
0-0: Called Strike 0-1: Fielders Choice at 2nd, 6-4 (Groundball, 6, EV 93.1 MPH)
|
|
Batting: RHB Jose Gonzalez
|
Pickoff Throw to First - Out! 1-3 0-0: Ball 1-0: Ball 2-0: Called Strike 2-1: Foul Ball, location: 2F 2-2: Ground out 6-3 (Groundball, 6M, EV 86.3 MPH)
|
| Bottom of the 6th over - 0 runs, 0 hits, 0 errors, 0 left on base; Baltimore 0 - Toronto 6 |
| TOP OF THE 7TH |
|
Baltimore Orioles batting - Pitching for Toronto Blue Jays : LHP Thomas Linnert
|
|
Batting: SHB Willie McGee
|
0-0: Called Strike 0-1: SINGLE (Flyball, 8RS, EV 98.8 MPH)
|
|
Batting: SHB Johnny Ray
|
0-0: Fielders Choice at 2nd, 5-4 (Groundball, 5S, EV 79.4 MPH)
|
|
Batting: SHB Steve R Ontiveros
|
0-0: Called Strike 0-1: Foul Ball, location: 2F 0-2: Ball 1-2: Foul Ball, location: 2F 1-2: Strikes out swinging
|
|
Batting: RHB Dwight Evans
|
0-0: Called Strike 0-1: Swinging Strike 0-2: Fly out, F3 (Popup, 3S, EV 75.0 MPH)
|
| Top of the 7th over - 0 runs, 1 hit, 0 errors, 1 left on base; Baltimore 0 - Toronto 6 |
| BOTTOM OF THE 7TH |
|
Toronto Blue Jays batting - Pitching for Baltimore Orioles : RHP Jim M Hughes
|
|
Batting: LHB Sheldon Mallory
|
0-0: Fly out, F8 (Line Drive, 8RM, EV 85.6 MPH)
|
|
Batting: RHB Juan Monasterio
|
0-0: Ground out 6-3 (Groundball, 6, EV 81.9 MPH)
|
|
Batting: LHB Milt Thompson
|
0-0: Called Strike 0-1: Ball 1-1: Ball 2-1: Ground out 6-3 (Groundball, 6S, EV 68.8 MPH)
|
| Bottom of the 7th over - 0 runs, 0 hits, 0 errors, 0 left on base; Baltimore 0 - Toronto 6 |
| TOP OF THE 8TH |
|
Baltimore Orioles batting - Pitching for Toronto Blue Jays : LHP Thomas Linnert
|
|
Batting: RHB Ron Cey
|
0-0: Foul Ball, location: 2F 0-1: Swinging Strike 0-2: Strikes out swinging
|
|
Batting: RHB Matt Rice
|
0-0: Called Strike 0-1: Fly out, F8 (Flyball, 8LD, EV 106.9 MPH)
|
|
Batting: RHB Mark Brouhard
|
0-0: Swinging Strike 0-1: Ball 1-1: Swinging Strike 1-2: Ground out 5-3 (Groundball, 5, EV 85.6 MPH)
|
| Top of the 8th over - 0 runs, 0 hits, 0 errors, 0 left on base; Baltimore 0 - Toronto 6 |
| BOTTOM OF THE 8TH |
|
Toronto Blue Jays batting - Pitching for Baltimore Orioles : RHP Jim M Hughes
|
|
Batting: RHB Hubie Brooks
|
0-0: Ball 1-0: Ground out 6-3 (Groundball, 6MD, EV 85.0 MPH)
|
|
Batting: RHB Cal Ripken
|
0-0: Called Strike 0-1: Ball 1-1: Foul Ball, location: 2F 1-2: Ball 2-2: Ball 3-2: Foul Ball, location: 2F 3-2: Base on Balls
|
|
Batting: RHB Fritzie Connally
|
0-0: Ball 1-0: Swinging Strike 1-1: Ball 2-1: Called Strike 2-2: Fielders Choice at 2nd, 1-4 (Groundball, 15S, EV 70.0 MPH)
|
|
Batting: LHB Brad Gulden
|
0-0: Swinging Strike 0-1: Swinging Strike 0-2: Foul Ball, location: 2F 0-2: Ground out 4-3 (Groundball, 13, EV 82.5 MPH)
|
| Bottom of the 8th over - 0 runs, 0 hits, 0 errors, 1 left on base; Baltimore 0 - Toronto 6 |
| TOP OF THE 9TH |
|
Baltimore Orioles batting - Pitching for Toronto Blue Jays : LHP Thomas Linnert
|
|
Batting: RHB Garth Iorg
|
0-0: Foul Ball, location: 2F 0-1: Ball 1-1: DOUBLE (Groundball, 5L, EV 105.0 MPH)
|
|
Batting: RHB Dennis Werth
|
0-0: Called Strike 0-1: Swinging Strike 0-2: Ball 1-2: Strikes out swinging
|
|
Batting: SHB Willie McGee
|
0-0: Foul Ball, location: 2F 0-1: Called Strike 0-2: SINGLE (Line Drive, 4MD, EV 95.0 MPH) Garth Iorg to third
|
|
Batting: SHB Johnny Ray
|
0-0: Grounds into double play, 6-4-3 (Groundball, 6MS, EV 79.4 MPH)
|
| Top of the 9th over - 0 runs, 2 hits, 0 errors, 1 left on base; Baltimore 0 - Toronto 6 |
|